Thunder vs Staline
Created - 11 octobre 2015 at 22:36
Goals
|
| Thunder |
2 |
1 |
1 |
4 |
| Staline |
1 |
3 |
1 |
5 |
|
Shots
|
| Thunder |
13 |
12 |
10 |
35 |
| Staline |
11 |
17 |
8 |
36 |
|
1st period
1. Thunder , Carl Hagelin 1 (Robin Leblanc, Brandon Mashinter) at 11:07
2. Thunder , Adam Hall 3 (Keith Yandle) at 13:52
3. Staline , Brandon Prust 2 (Brian Gionta, Yan Stastny) at 17:49
Penalties :
Nick Spaling (StJ) for Fighting (Major) at 2:05, Matt Martin (TRO) for Fighting (Major) at 2:05, Michael Del Zotto (StJ) for Tripping (Minor) at 11:16, Adam Hall (TRO) for Hooking (Minor) at 11:20, Alex Killorn (TRO) for Tripping (Minor) at 18:41
2nd period
4. Thunder , Dany Roussin 2 (Adam Hall, Pierre-Alexandre Parenteau) at 4:38 (PP)
5. Staline , Michael Del Zotto 2 (Nick Spaling, Andrei Loktionov) at 5:35
6. Staline , Brian Gionta 3 (Bryan Bickell) at 8:58
7. Staline , Nick Spaling 2 (Mark Fraser, James Sheppard) at 11:01
Penalties :
Torey Krug (StJ) for Tripping (Minor) at 3:49, Tyler Cuma (StJ) for Roughing (Minor) at 12:19
3rd period
8. Staline , Nick Spaling 3 (Andrei Loktionov) at 2:47 (SH)
9. Thunder , Matt Generous 1 (Pierre-Alexandre Parenteau, Keith Yandle) at 10:32 (SH)
Penalties :
Brandon Prust (StJ) for Holding (Minor) at 2:32, Mat Clark (TRO) for Goalie Interference (Minor) at 7:43, Carl Hagelin (TRO) for Hooking (Minor) at 9:50
Goalie Stats
Barry Brust (TRO), 31 saves from 36 shots - (0,861), L, 0-1-0, 59:22 minutes
Tobias Stephan (StJ), 31 saves from 35 shots - (0,886), W, 2-1-0, 60:00 minutes
Players Stats for Thunder
Player Name G A P +/- PIM S H SB GA TA FO MP PP MP PK MP
------------------------------------------------------------------------------------
Adam Hall 1 1 2 -3 2 4 4 0 0 0 4/8 23:28 2:50 4:04
Alex Killorn 0 0 0 -4 2 6 1 1 2 0 13/28 22:33 2:51 2:36
Bobby Farnham 0 0 0 0 0 0 0 0 0 0 0/0 0:00 0:00 0:00
Brandon Mashinter 0 1 1 2 0 0 0 2 0 2 2/7 12:58 0:00 1:40
Brett Festerling 0 0 0 0 0 0 1 0 0 0 0/0 9:30 0:00 0:00
Carl Hagelin 1 0 1 1 2 4 1 0 1 0 1/1 11:17 0:00 0:00
Casey Pierro-Zabotel 0 0 0 0 0 1 0 0 0 0 0/0 8:32 0:00 0:00
Colby Cohen 0 0 0 -1 0 0 0 0 0 0 0/0 5:32 0:00 0:00
Dany Roussin 1 0 1 -2 0 3 0 1 0 1 1/2 22:27 2:51 2:00
Daultan Leveillé 0 0 0 0 0 0 1 0 2 0 2/3 8:32 0:00 0:00
David Fischer 0 0 0 -1 0 0 0 1 0 1 0/0 18:34 1:45 2:02
Dmitri Orlov 0 0 0 -1 0 0 0 0 0 0 0/0 5:32 0:00 0:00
Jannik Hansen 0 0 0 0 0 1 1 0 1 0 0/0 8:32 0:00 0:00
Jesse Blacker 0 0 0 0 0 0 0 0 0 0 0/0 0:00 0:00 0:00
Joey Ryan 0 0 0 -1 0 2 0 0 0 1 0/0 18:34 1:45 2:02
Keith Yandle 0 2 2 0 0 4 3 1 0 0 0/0 26:24 3:06 3:59
Kelly Zajac 0 0 0 0 0 0 0 0 0 0 0/0 0:00 0:00 0:00
Mat Clark 0 0 0 0 2 0 0 0 0 1 0/0 9:29 0:00 0:00
Matt Generous 1 0 1 0 0 3 0 3 0 1 0/0 26:24 3:06 3:59
Matt Martin 0 0 0 -1 5 0 1 1 0 0 0/0 12:41 2:00 0:00
Pierre-Alexandre Parente 0 2 2 0 0 4 1 1 1 0 2/2 15:30 2:00 1:14
Robin Leblanc 0 1 1 1 0 1 1 0 0 0 0/0 10:53 0:00 0:00
Taylor Doherty 0 0 0 0 0 0 0 0 0 0 0/0 0:00 0:00 0:00
Tom Pyatt 0 0 0 -1 0 2 1 0 0 1 6/11 14:37 2:00 0:28
Players Stats for Staline
Player Name G A P +/- PIM S H SB GA TA FO MP PP MP PK MP
------------------------------------------------------------------------------------
Andrei Loktionov 0 2 2 2 0 7 4 0 1 0 21/41 24:53 3:25 3:06
Brandon Prust 1 0 1 1 2 3 2 0 1 0 0/0 17:29 2:36 0:49
Brian Gionta 1 1 2 2 0 2 3 1 0 0 0/0 15:32 0:00 0:44
Bryan Bickell 0 1 1 0 0 2 0 0 1 0 0/0 12:38 1:58 0:32
Cody Eakin 0 0 0 -1 0 0 0 0 1 0 3/4 10:08 0:00 0:32
Danny Kristo 0 0 0 0 0 3 0 0 0 0 0/0 9:02 0:21 0:00
David Desharnais 0 0 0 0 0 0 2 0 0 0 1/3 8:41 0:00 0:00
Greg Pateryn 0 0 0 1 0 0 0 2 0 1 0/0 13:13 0:00 0:55
James Sheppard 0 1 1 1 0 3 2 0 1 0 0/1 14:56 0:00 0:00
Jordan Caron 0 0 0 -1 0 0 0 0 1 0 1/1 9:04 1:06 0:00
Mark Fraser 0 1 1 2 0 2 5 1 0 0 0/0 21:42 2:05 2:52
Mark Stone 0 0 0 -2 0 0 0 0 0 0 0/0 11:01 2:36 0:00
Michael Del Zotto 1 0 1 -1 2 4 0 1 0 1 0/0 24:21 3:59 0:24
Nick Spaling 2 1 3 2 5 4 1 0 0 0 0/0 22:28 3:22 3:06
Stu Bickel 0 0 0 2 0 0 1 0 0 0 0/0 15:07 0:00 2:52
Torey Krug 0 0 0 -1 2 1 1 1 1 1 0/0 25:36 2:05 1:43
Tyler Cuma 0 0 0 1 2 1 3 2 0 4 0/0 20:10 3:56 0:56
Yan Stastny 0 1 1 1 0 4 4 1 1 0 5/12 17:08 2:36 0:53
3 Stars
1 - Brian Gionta (StJ)
2 - Nick Spaling (StJ)
3 - Andrei Loktionov (StJ)
Power Play
Thunder - 1 on 4 Attempt(s) - 25,00%
Staline - 0 on 4 Attempt(s) - 0,00%
Penalty Kill
Thunder - 4 on 4 Attempt(s) - 100,00%
- Score 1 goal in Penalty Kill
Staline - 3 on 4 Attempt(s) - 75,00%
- Score 1 goal in Penalty Kill
Team Stat
Thunder - Hits : 16 - Faceoff Wins : 31 - Blocked Shots : 11 - Penalty Minutes : 13
Staline - Hits : 28 - Faceoff Wins : 31 - Blocked Shots : 9 - Penalty Minutes : 13
Official
Referees : Furlatt Eric and Rehman Kyle
Linesman : Pierre Racicot and Brad Lazarowich
Game Notes
Nick Spaling and Matt Martin fight to a draw at 2:05 of 1st period
Jordan Caron is injured at 5:07 of 2nd period (Left Ankle)
Finance
Level 1 -- Attendance: 1576 (78,80%) -- Ticket Income 55 160 $
Level 2 -- Attendance: 727 (72,70%) -- Ticket Income 10 905 $
Total Attendance: 2303 (76,77%)
Total Ticket Income: 66 065 $
Other Income: 3 303 $
Total Income: 69 368 $
Thunder
5 vs 5 Forward
Center Left Wing Right Wing Time % Phy DF OF
1 Alex Killorn Dany Roussin Adam Hall 40 1 2 2
2 Tom Pyatt Matt Martin Pierre-Alexandre Parentea30 1 2 2
3 Brandon Mashinter Carl Hagelin Robin Leblanc 20 1 2 2
4 Daultan Leveillé Casey Pierro-Zabotel Jannik Hansen 10 1 2 2
5 vs 5 Defense
Defense Defense Time % Phy DF OF
1 Keith Yandle Matt Generous 40 1 2 2
2 Joey Ryan David Fischer 30 1 2 2
3 Brett Festerling Mat Clark 20 1 2 2
4 Colby Cohen Dmitri Orlov 10 1 2 2
PowerPlay Forward
Center Left Wing Right Wing Time % Phy DF OF
1 Alex Killorn Dany Roussin Adam Hall 60 1 2 2
2 Tom Pyatt Matt Martin Pierre-Alexandre Parentea40 1 2 2
PowerPlay Defense
Defense Defense Time % Phy DF OF
1 Keith Yandle Matt Generous 60 1 2 2
2 Joey Ryan David Fischer 40 1 2 2
Penalty Kill 4 Players Forward
Center Wing Time % Phy DF OF
1 Adam Hall Alex Killorn 60 1 2 2
2 Pierre-Alexandre ParenteaDany Roussin 40 1 2 2
Penalty Kill 4 Players Defense
Defense Defense Time % Phy DF OF
1 Keith Yandle Matt Generous 60 1 2 2
2 Joey Ryan David Fischer 40 1 2 2
Penalty Kill - 3 Players Forward
Forward Time % Phy DF OF
1 Adam Hall 60 1 2 2
2 Alex Killorn 40 1 2 2
Penalty Kill - 3 Players Defense
Defense Defense Time % Phy DF OF
1 Keith Yandle Matt Generous 60 1 2 2
2 Joey Ryan David Fischer 40 1 2 2
4 vs 4 Forward
Center Wing Time % Phy DF OF
1 Adam Hall Alex Killorn 60 1 2 2
2 Pierre-Alexandre ParenteaDany Roussin 40 1 2 2
4 vs 4 Defense
Defense Defense Time % Phy DF OF
1 Keith Yandle Matt Generous 60 1 2 2
2 Joey Ryan David Fischer 40 1 2 2
Last Minutes Offensive
Center Left Wing Right Wing Defense Defense
Alex Killorn Dany Roussin Adam Hall Keith Yandle Matt Generous
Last Minutes Defensive
Center Left Wing Right Wing Defense Defense
Alex Killorn Dany Roussin Adam Hall Keith Yandle Matt Generous
Goaltenders
Starting : Barry Brust
Backup : Corey Crawford
Extra Forwards
Normal : Carl Hagelin, Robin Leblanc, Brandon Mashinter - PP : Carl Hagelin, Robin Leblanc - PK : Brandon Mashinter
Extra Defensemen
Normal : Brett Festerling, Mat Clark, Colby Cohen - PP : Brett Festerling - PK : Mat Clark, Colby Cohen
Penalty Shots
Adam Hall, Alex Killorn, Pierre-Alexandre Parenteau, Dany Roussin, Matt Martin
Staline
5 vs 5 Forward
Center Left Wing Right Wing Time % Phy DF OF
1 Andrei Loktionov Nick Spaling Jordan Caron 40 1 2 2
2 Yan Stastny Brandon Prust Brian Gionta 30 1 2 2
3 Cody Eakin James Sheppard Mark Stone 20 1 2 2
4 David Desharnais Bryan Bickell Danny Kristo 10 1 2 2
5 vs 5 Defense
Defense Defense Time % Phy DF OF
1 Torey Krug Michael Del Zotto 40 1 2 2
2 Tyler Cuma Mark Fraser 30 1 2 2
3 Stu Bickel Greg Pateryn 20 1 2 2
4 Torey Krug Michael Del Zotto 10 1 2 2
PowerPlay Forward
Center Left Wing Right Wing Time % Phy DF OF
1 Andrei Loktionov Nick Spaling Jordan Caron 60 1 2 2
2 Yan Stastny Brandon Prust Mark Stone 40 1 2 2
PowerPlay Defense
Defense Defense Time % Phy DF OF
1 Tyler Cuma Michael Del Zotto 60 1 2 2
2 Torey Krug Mark Fraser 40 1 2 2
Penalty Kill 4 Players Forward
Center Wing Time % Phy DF OF
1 Andrei Loktionov Nick Spaling 60 1 2 2
2 Yan Stastny Brandon Prust 40 1 2 2
Penalty Kill 4 Players Defense
Defense Defense Time % Phy DF OF
1 Stu Bickel Mark Fraser 60 1 2 2
2 Torey Krug Tyler Cuma 40 1 2 2
Penalty Kill - 3 Players Forward
Forward Time % Phy DF OF
1 Andrei Loktionov 60 1 2 2
2 Yan Stastny 40 1 2 2
Penalty Kill - 3 Players Defense
Defense Defense Time % Phy DF OF
1 Stu Bickel Mark Fraser 60 1 2 2
2 Torey Krug Tyler Cuma 40 1 2 2
4 vs 4 Forward
Center Wing Time % Phy DF OF
1 Andrei Loktionov Jordan Caron 60 1 2 2
2 David Desharnais Danny Kristo 40 1 2 2
4 vs 4 Defense
Defense Defense Time % Phy DF OF
1 Torey Krug Michael Del Zotto 60 1 2 2
2 Tyler Cuma Mark Fraser 40 1 2 2
Last Minutes Offensive
Center Left Wing Right Wing Defense Defense
Andrei Loktionov Nick Spaling Jordan Caron Torey Krug Michael Del Zotto
Last Minutes Defensive
Center Left Wing Right Wing Defense Defense
Andrei Loktionov Nick Spaling Brian Gionta Stu Bickel Mark Fraser
Goaltenders
Starting : Tobias Stephan
Backup : Joni Ortio
Extra Forwards
Normal : James Sheppard, Cody Eakin, Bryan Bickell - PP : Bryan Bickell, Danny Kristo - PK : Brian Gionta
Extra Defensemen
Normal : Michael Del Zotto, Greg Pateryn, Tyler Cuma - PP : Stu Bickel - PK : Greg Pateryn, Michael Del Zotto
Penalty Shots
Nick Spaling, Andrei Loktionov, Brian Gionta, Yan Stastny, Jordan Caron
% Time on Ice - Thunder
Lines # - Real PCT - Wanted PCT - Time Play
Normal Forward
1 - 33% - 40% - 15:21
2 - 26% - 30% - 11:59
3 - 22% - 20% - 10:07
4 - 19% - 10% - 8:32
Normal Defense
1 - 37% - 40% - 17:07
2 - 30% - 30% - 13:50
3 - 21% - 20% - 9:30
4 - 12% - 10% - 5:32
PP Forward
1 - 59% - 60% - 2:51
2 - 41% - 40% - 2:00
PP Defense
1 - 64% - 60% - 3:06
2 - 36% - 40% - 1:45
PK Forward
1 - 80% - 60% - 4:47
2 - 20% - 40% - 1:14
PK Defense
1 - 66% - 60% - 3:59
2 - 34% - 40% - 2:02
PK3 Forward
1 - 0% - 60%
2 - 0% - 40%
PK3 Defense
1 - 0% - 60%
2 - 0% - 40%
44 Forward
1 - 85% - 60% - 1:38
2 - 15% - 40% - 0:17
44 Defense
1 - 50% - 60% - 0:58
2 - 50% - 40% - 0:57
Last Minute Offensive - 1:14
Last Minute Defensive - 0:00
Total
Forward - 60:00
Defense - 60:00
|
% Time on Ice - Staline
Lines # - Real PCT - Wanted PCT - Time Play
Normal Forward
1 - 36% - 40% - 16:24
2 - 31% - 30% - 14:24
3 - 16% - 20% - 7:21
4 - 17% - 10% - 7:58
Normal Defense
1 - 41% - 40% - 18:43
2 - 32% - 30% - 14:53
3 - 24% - 20% - 11:09
4 - 3% - 10% - 1:22
PP Forward
1 - 57% - 60% - 3:25
2 - 43% - 40% - 2:36
PP Defense
1 - 66% - 60% - 4:00
2 - 34% - 40% - 2:01
PK Forward
1 - 82% - 60% - 3:58
2 - 18% - 40% - 0:53
PK Defense
1 - 59% - 60% - 2:52
2 - 41% - 40% - 1:59
PK3 Forward
1 - 0% - 60%
2 - 0% - 40%
PK3 Defense
1 - 0% - 60%
2 - 0% - 40%
44 Forward
1 - 63% - 60% - 1:12
2 - 37% - 40% - 0:43
44 Defense
1 - 72% - 60% - 1:23
2 - 28% - 40% - 0:32
Last Minute Offensive - 0:00
Last Minute Defensive - 1:06
Total
Forward - 60:00
Defense - 60:00
|
Play by Play
1st period
0:01 of 1st period - Alex Killorn wins face-off versus Andrei Loktionov in neutral zone.
0:04 of 1st period - Michael Del Zotto is hit by Adam Hall and loses puck.
0:09 of 1st period - Wrist shot by Adam Hall.
0:09 of 1st period - Shot Blocked by Michael Del Zotto.
0:25 of 1st period - Matt Generous is hit by Yan Stastny and loses puck.
0:30 of 1st period - Slapshot by Yan Stastny.
0:30 of 1st period - Stopped by Barry Brust without a rebound.
0:31 of 1st period - Cody Eakin wins face-off versus Brandon Mashinter in Thunder zone.
0:42 of 1st period - David Fischer is hit by Mark Fraser and loses puck.
1:25 of 1st period - Snap shot by Dany Roussin.
1:25 of 1st period - Stopped by Tobias Stephan without a rebound.
1:26 of 1st period - Tom Pyatt wins face-off versus Andrei Loktionov in Staline zone.
1:35 of 1st period - Snap shot by Pierre-Alexandre Parenteau.
1:35 of 1st period - Stopped by Tobias Stephan without a rebound.
1:36 of 1st period - Tom Pyatt wins face-off versus Andrei Loktionov in Staline zone.
1:37 of 1st period - Slapshot by Pierre-Alexandre Parenteau.
1:37 of 1st period - Shot Misses the Net.
1:39 of 1st period - Snap shot by Tom Pyatt.
1:39 of 1st period - Stopped by Tobias Stephan with a rebound.
2:05 of 1st period - Nick Spaling and Matt Martin fight to a draw.
2:05 of 1st period - Penalty to Nick Spaling for Fighting.
2:05 of 1st period - Penalty to Matt Martin for Fighting.
2:06 of 1st period - Yan Stastny wins face-off versus Alex Killorn in Staline zone.
2:15 of 1st period - Wrist shot by Brian Gionta.
2:15 of 1st period - Stopped by Barry Brust without a rebound.
2:16 of 1st period - Alex Killorn wins face-off versus Yan Stastny in Thunder zone.
2:39 of 1st period - Snap shot by Alex Killorn.
2:39 of 1st period - Stopped by Tobias Stephan with a rebound.
3:19 of 1st period - Wrist shot by Adam Hall.
3:19 of 1st period - Shot Blocked by Brian Gionta.
3:39 of 1st period - Wrist shot by Brian Gionta.
3:39 of 1st period - Deflect By Brandon Prust.
3:39 of 1st period - Stopped by Barry Brust without a rebound.
3:40 of 1st period - Andrei Loktionov wins face-off versus Brandon Mashinter in Thunder zone.
3:47 of 1st period - Wrist shot by Andrei Loktionov.
3:47 of 1st period - Stopped by Barry Brust without a rebound.
3:48 of 1st period - Brandon Mashinter wins face-off versus Andrei Loktionov in Thunder zone.
4:15 of 1st period - Danny Kristo is hit by Pierre-Alexandre Parenteau and loses puck.
4:28 of 1st period - Wrist shot by Cody Eakin.
4:28 of 1st period - Shot Misses the Net.
5:26 of 1st period - Tom Pyatt is hit by Andrei Loktionov and loses puck.
6:06 of 1st period - Alex Killorn is hit by Yan Stastny and loses puck.
6:19 of 1st period - Casey Pierro-Zabotel is hit by Tyler Cuma and loses puck.
8:06 of 1st period - Backhand shot by David Desharnais.
8:06 of 1st period - Shot Misses the Net.
8:37 of 1st period - David Fischer is hit by James Sheppard and loses puck.
8:53 of 1st period - Greg Pateryn is hit by Robin Leblanc and loses puck.
8:58 of 1st period - Snap shot by Carl Hagelin.
8:58 of 1st period - Shot Misses the Net.
9:00 of 1st period - Wrist shot by Carl Hagelin.
9:00 of 1st period - Shot Misses the Net.
9:12 of 1st period - Snap shot by Tom Pyatt.
9:12 of 1st period - Stopped by Tobias Stephan with a rebound.
9:27 of 1st period - Mark Fraser is hit by Jannik Hansen and loses puck.
9:52 of 1st period - Carl Hagelin is hit by Tyler Cuma and loses puck.
10:17 of 1st period - Icing by Michael Del Zotto.
10:18 of 1st period - Yan Stastny wins face-off versus Dany Roussin in Staline zone.
10:38 of 1st period - Snap shot by Cody Eakin.
10:38 of 1st period - Shot Misses the Net.
10:40 of 1st period - Slapshot by Tyler Cuma.
10:40 of 1st period - Shot Blocked by Brandon Mashinter.
10:42 of 1st period - Slapshot by Tyler Cuma.
10:42 of 1st period - Stopped by Barry Brust with a rebound.
10:47 of 1st period - Icing by Brandon Mashinter.
10:48 of 1st period - Andrei Loktionov wins face-off versus Brandon Mashinter in Thunder zone.
10:51 of 1st period - Snap shot by Andrei Loktionov.
10:51 of 1st period - Stopped by Barry Brust with a rebound.
11:03 of 1st period - Wrist shot by Robin Leblanc.
11:03 of 1st period - Shot Misses the Net.
11:05 of 1st period - Snap shot by Robin Leblanc.
11:05 of 1st period - Shot Misses the Net.
11:07 of 1st period - Wrist shot by Carl Hagelin.
11:07 of 1st period - Goal by Carl Hagelin - Thunder : 1 - Staline : 0.
11:08 of 1st period - Alex Killorn wins face-off versus Andrei Loktionov in neutral zone.
11:16 of 1st period - Minor Penalty to Michael Del Zotto for Tripping.
11:17 of 1st period - Alex Killorn wins face-off versus Andrei Loktionov in Staline zone.
11:20 of 1st period - Minor Penalty to Adam Hall for Hooking.
11:21 of 1st period - Carl Hagelin wins face-off versus Andrei Loktionov in Thunder zone.
11:29 of 1st period - Slapshot by Alex Killorn.
11:29 of 1st period - Stopped by Tobias Stephan with a rebound.
11:31 of 1st period - Snap shot by Alex Killorn.
11:31 of 1st period - Stopped by Tobias Stephan with a rebound.
11:37 of 1st period - Slapshot by Carl Hagelin.
11:37 of 1st period - Stopped by Tobias Stephan with a rebound.
12:13 of 1st period - Wrist shot by Brandon Mashinter.
12:13 of 1st period - Shot Hit the Post.
12:15 of 1st period - Snap shot by Dany Roussin.
12:15 of 1st period - Shot Misses the Net.
12:40 of 1st period - Snap shot by James Sheppard.
12:40 of 1st period - Deflect By Cody Eakin.
12:40 of 1st period - Shot Misses the Net.
12:40 of 1st period - Puck is out of play.
12:41 of 1st period - Tom Pyatt wins face-off versus Andrei Loktionov in Thunder zone.
12:46 of 1st period - Tom Pyatt is hit by Tyler Cuma and loses puck.
13:16 of 1st period - Penalty to Michael Del Zotto is over, Michael Del Zotto is back on ice.
13:20 of 1st period - Penalty to Adam Hall is over, Adam Hall is back on ice.
13:52 of 1st period - Wrist shot by Adam Hall.
13:52 of 1st period - Goal by Adam Hall - Thunder : 2 - Staline : 0.
13:53 of 1st period - Tom Pyatt wins face-off versus Andrei Loktionov in neutral zone.
13:56 of 1st period - Jordan Caron is hit by Tom Pyatt and loses puck.
14:19 of 1st period - Carl Hagelin is hit by Yan Stastny and loses puck.
14:26 of 1st period - Slapshot by David Fischer.
14:26 of 1st period - Shot Blocked by Greg Pateryn.
14:28 of 1st period - Slapshot by Keith Yandle.
14:28 of 1st period - Stopped by Tobias Stephan with a rebound.
14:42 of 1st period - James Sheppard is hit by Adam Hall and loses puck.
15:05 of 1st period - Pierre-Alexandre Parenteau is hit by Mark Fraser and loses puck.
15:26 of 1st period - Wrist shot by Nick Spaling.
15:26 of 1st period - Stopped by Barry Brust with a rebound.
15:42 of 1st period - Snap shot by Yan Stastny.
15:42 of 1st period - Stopped by Barry Brust with a rebound.
16:26 of 1st period - Wrist shot by Bryan Bickell.
16:26 of 1st period - Stopped by Barry Brust with a rebound.
16:30 of 1st period - Wrist shot by David Desharnais.
16:30 of 1st period - Shot Blocked by David Fischer.
16:32 of 1st period - Slapshot by Danny Kristo.
16:32 of 1st period - Stopped by Barry Brust without a rebound.
16:33 of 1st period - Andrei Loktionov wins face-off versus Alex Killorn in Thunder zone.
16:49 of 1st period - Off-side.
16:50 of 1st period - Tom Pyatt wins face-off versus Yan Stastny in neutral zone.
17:05 of 1st period - Slapshot by Pierre-Alexandre Parenteau.
17:05 of 1st period - Stopped by Tobias Stephan without a rebound.
17:06 of 1st period - Andrei Loktionov wins face-off versus Alex Killorn in Staline zone.
17:39 of 1st period - Snap shot by Yan Stastny.
17:39 of 1st period - Deflect By Tom Pyatt.
17:39 of 1st period - Shot Blocked by Pierre-Alexandre Parenteau.
17:39 of 1st period - Puck is out of play.
17:40 of 1st period - Yan Stastny wins face-off versus Tom Pyatt in Thunder zone.
17:49 of 1st period - Snap shot by Brandon Prust.
17:49 of 1st period - Goal by Brandon Prust - Thunder : 2 - Staline : 1.
17:50 of 1st period - Andrei Loktionov wins face-off versus Alex Killorn in neutral zone.
18:05 of 1st period - Off-side.
18:06 of 1st period - Yan Stastny wins face-off versus Tom Pyatt in neutral zone.
18:17 of 1st period - Snap shot by Pierre-Alexandre Parenteau.
18:17 of 1st period - Stopped by Tobias Stephan with a rebound.
18:19 of 1st period - Slapshot by Matt Generous.
18:19 of 1st period - Shot Blocked by Torey Krug.
18:31 of 1st period - Torey Krug is hit by Adam Hall and loses puck.
18:41 of 1st period - Minor Penalty to Alex Killorn for Tripping.
18:42 of 1st period - Jordan Caron wins face-off versus Adam Hall in Thunder zone.
18:44 of 1st period - Backhand shot by Michael Del Zotto.
18:44 of 1st period - Shot Blocked by Brandon Mashinter.
18:46 of 1st period - Backhand shot by Michael Del Zotto.
18:46 of 1st period - Shot Misses the Net.
18:48 of 1st period - Slapshot by Jordan Caron.
18:48 of 1st period - Shot Misses the Net.
18:50 of 1st period - Slapshot by Tyler Cuma.
18:50 of 1st period - Shot Misses the Net.
Goals for this period are 2 for Thunder vs 1 for Staline.
Shots for this period are 13 for Thunder vs 11 for Staline.
2nd period
0:01 of 2nd period - Andrei Loktionov wins face-off versus Brandon Mashinter in neutral zone.
0:41 of 2nd period - Penalty to Alex Killorn is over, Alex Killorn is back on ice.
0:56 of 2nd period - Slapshot by Keith Yandle.
0:56 of 2nd period - Stopped by Tobias Stephan with a rebound.
0:58 of 2nd period - Snap shot by Jannik Hansen.
0:58 of 2nd period - Shot Misses the Net.
1:05 of 2nd period - Off-side.
1:06 of 2nd period - Tom Pyatt wins face-off versus Andrei Loktionov in neutral zone.
1:31 of 2nd period - Daultan Leveillé is hit by Brian Gionta and loses puck.
1:58 of 2nd period - Slapshot by Alex Killorn.
1:58 of 2nd period - Stopped by Tobias Stephan with a rebound.
2:00 of 2nd period - Snap shot by Joey Ryan.
2:00 of 2nd period - Stopped by Tobias Stephan with a rebound.
2:02 of 2nd period - Snap shot by Adam Hall.
2:02 of 2nd period - Stopped by Tobias Stephan with a rebound.
2:20 of 2nd period - Slapshot by David Desharnais.
2:20 of 2nd period - Deflect By Danny Kristo.
2:20 of 2nd period - Stopped by Barry Brust with a rebound.
3:34 of 2nd period - Off-side.
3:35 of 2nd period - Brandon Mashinter wins face-off versus Andrei Loktionov in neutral zone.
3:42 of 2nd period - Slapshot by Carl Hagelin.
3:42 of 2nd period - Stopped by Tobias Stephan with a rebound.
3:44 of 2nd period - Snap shot by Colby Cohen.
3:44 of 2nd period - Shot Blocked by Mark Fraser.
3:46 of 2nd period - Snap shot by Robin Leblanc.
3:46 of 2nd period - Stopped by Tobias Stephan without a rebound.
3:47 of 2nd period - Andrei Loktionov wins face-off versus Alex Killorn in Staline zone.
3:49 of 2nd period - Minor Penalty to Torey Krug for Tripping.
3:50 of 2nd period - Adam Hall wins face-off versus Andrei Loktionov in Staline zone.
4:22 of 2nd period - Backhand shot by Keith Yandle.
4:22 of 2nd period - Deflect By Tom Pyatt.
4:22 of 2nd period - Shot Misses the Net.
4:22 of 2nd period - Puck is out of play.
4:23 of 2nd period - Andrei Loktionov wins face-off versus Tom Pyatt in Staline zone.
4:38 of 2nd period - Wrist shot by Dany Roussin.
4:38 of 2nd period - Goal by Dany Roussin - Thunder : 3 - Staline : 1.
4:39 of 2nd period - Alex Killorn wins face-off versus Yan Stastny in neutral zone.
4:42 of 2nd period - Michael Del Zotto is hit by Adam Hall and loses puck.
4:53 of 2nd period - Keith Yandle is hit by Brandon Prust and loses puck.
5:06 of 2nd period - Jordan Caron is hit by Keith Yandle and loses puck.
5:07 of 2nd period - Jordan Caron from Staline is injured at 5:07 of 2nd period (Left Ankle).
5:08 of 2nd period - Andrei Loktionov wins face-off versus Alex Killorn in Staline zone.
5:17 of 2nd period - Snap shot by James Sheppard.
5:17 of 2nd period - Stopped by Barry Brust with a rebound.
5:19 of 2nd period - Snap shot by James Sheppard.
5:19 of 2nd period - Deflect By Nick Spaling.
5:19 of 2nd period - Stopped by Barry Brust without a rebound.
5:20 of 2nd period - Alex Killorn wins face-off versus Andrei Loktionov in Thunder zone.
5:29 of 2nd period - Wrist shot by Andrei Loktionov.
5:29 of 2nd period - Stopped by Barry Brust with a rebound.
5:31 of 2nd period - Wrist shot by James Sheppard.
5:31 of 2nd period - Stopped by Barry Brust without a rebound.
5:32 of 2nd period - Andrei Loktionov wins face-off versus Alex Killorn in Thunder zone.
5:35 of 2nd period - Slapshot by Michael Del Zotto.
5:35 of 2nd period - Goal by Michael Del Zotto - Thunder : 3 - Staline : 2.
5:36 of 2nd period - Andrei Loktionov wins face-off versus Alex Killorn in neutral zone.
5:39 of 2nd period - Slapshot by Michael Del Zotto.
5:39 of 2nd period - Stopped by Barry Brust with a rebound.
6:01 of 2nd period - Nick Spaling is hit by Carl Hagelin and loses puck.
6:08 of 2nd period - Snap shot by Carl Hagelin.
6:08 of 2nd period - Stopped by Tobias Stephan without a rebound.
6:09 of 2nd period - Alex Killorn wins face-off versus Yan Stastny in Staline zone.
6:36 of 2nd period - Tom Pyatt is hit by Mark Fraser and loses puck.
6:55 of 2nd period - Slapshot by Keith Yandle.
6:55 of 2nd period - Stopped by Tobias Stephan with a rebound.
6:57 of 2nd period - Slapshot by Keith Yandle.
6:57 of 2nd period - Shot Misses the Net.
6:59 of 2nd period - Slapshot by Keith Yandle.
6:59 of 2nd period - Deflect By Nick Spaling.
6:59 of 2nd period - Stopped by Tobias Stephan with a rebound.
7:32 of 2nd period - Off-side.
7:33 of 2nd period - Alex Killorn wins face-off versus Cody Eakin in neutral zone.
8:27 of 2nd period - Wrist shot by Carl Hagelin.
8:27 of 2nd period - Shot Misses the Net.
8:45 of 2nd period - Jannik Hansen is hit by David Desharnais and loses puck.
8:58 of 2nd period - Snap shot by Brian Gionta.
8:58 of 2nd period - Goal by Brian Gionta - Thunder : 3 - Staline : 3.
8:59 of 2nd period - Andrei Loktionov wins face-off versus Alex Killorn in neutral zone.
9:06 of 2nd period - Wrist shot by Andrei Loktionov.
9:06 of 2nd period - Shot Misses the Net.
9:08 of 2nd period - Wrist shot by James Sheppard.
9:08 of 2nd period - Shot Blocked by Keith Yandle.
9:10 of 2nd period - Slapshot by Torey Krug.
9:10 of 2nd period - Stopped by Barry Brust without a rebound.
9:11 of 2nd period - Dany Roussin wins face-off versus Andrei Loktionov in Thunder zone.
9:40 of 2nd period - Yan Stastny is hit by Keith Yandle and loses puck.
10:26 of 2nd period - Snap shot by Jannik Hansen.
10:26 of 2nd period - Deflect By Casey Pierro-Zabotel.
10:26 of 2nd period - Shot Misses the Net.
10:26 of 2nd period - Puck is out of play.
10:27 of 2nd period - Andrei Loktionov wins face-off versus Daultan Leveillé in Staline zone.
10:32 of 2nd period - Snap shot by Andrei Loktionov.
10:32 of 2nd period - Shot Misses the Net.
10:34 of 2nd period - Snap shot by Andrei Loktionov.
10:34 of 2nd period - Stopped by Barry Brust without a rebound.
10:35 of 2nd period - Alex Killorn wins face-off versus Andrei Loktionov in Thunder zone.
10:48 of 2nd period - Dany Roussin is hit by Nick Spaling and loses puck.
10:53 of 2nd period - Wrist shot by Andrei Loktionov.
10:53 of 2nd period - Stopped by Barry Brust with a rebound.
10:55 of 2nd period - Wrist shot by James Sheppard.
10:55 of 2nd period - Shot Blocked by Dany Roussin.
10:57 of 2nd period - Wrist shot by James Sheppard.
10:57 of 2nd period - Stopped by Barry Brust with a rebound.
10:59 of 2nd period - Slapshot by Mark Fraser.
10:59 of 2nd period - Shot Misses the Net.
11:01 of 2nd period - Snap shot by Nick Spaling.
11:01 of 2nd period - Goal by Nick Spaling - Thunder : 3 - Staline : 4.
11:02 of 2nd period - Andrei Loktionov wins face-off versus Alex Killorn in neutral zone.
11:30 of 2nd period - Slapshot by Torey Krug.
11:30 of 2nd period - Deflect By Brian Gionta.
11:30 of 2nd period - Shot Blocked by Matt Martin.
11:30 of 2nd period - Puck is out of play.
11:31 of 2nd period - Yan Stastny wins face-off versus Tom Pyatt in Thunder zone.
11:42 of 2nd period - Snap shot by Brandon Prust.
11:42 of 2nd period - Shot Misses the Net.
12:19 of 2nd period - Minor Penalty to Tyler Cuma for Roughing.
12:20 of 2nd period - Andrei Loktionov wins face-off versus Adam Hall in Staline zone.
12:31 of 2nd period - Slapshot by Matt Generous.
12:31 of 2nd period - Deflect By Nick Spaling.
12:31 of 2nd period - Stopped by Tobias Stephan without a rebound.
12:32 of 2nd period - Alex Killorn wins face-off versus Andrei Loktionov in Staline zone.
12:43 of 2nd period - Snap shot by Nick Spaling.
12:43 of 2nd period - Shot Blocked by Matt Generous.
13:58 of 2nd period - Slapshot by Mark Fraser.
13:58 of 2nd period - Stopped by Barry Brust with a rebound.
14:19 of 2nd period - Penalty to Tyler Cuma is over, Tyler Cuma is back on ice.
14:30 of 2nd period - Michael Del Zotto is hit by Brett Festerling and loses puck.
14:58 of 2nd period - Snap shot by David Desharnais.
14:58 of 2nd period - Deflect By Bryan Bickell.
14:58 of 2nd period - Stopped by Barry Brust without a rebound.
14:59 of 2nd period - Daultan Leveillé wins face-off versus David Desharnais in Thunder zone.
15:12 of 2nd period - Icing by Bryan Bickell.
15:13 of 2nd period - Pierre-Alexandre Parenteau wins face-off versus David Desharnais in Staline zone.
15:14 of 2nd period - Slapshot by Keith Yandle.
15:14 of 2nd period - Shot Blocked by Tyler Cuma.
15:20 of 2nd period - Slapshot by Mark Fraser.
15:20 of 2nd period - Stopped by Barry Brust without a rebound.
15:21 of 2nd period - Andrei Loktionov wins face-off versus Tom Pyatt in Thunder zone.
15:36 of 2nd period - Snap shot by Nick Spaling.
15:36 of 2nd period - Shot Blocked by Matt Generous.
15:48 of 2nd period - Slapshot by Bryan Bickell.
15:48 of 2nd period - Shot Misses the Net.
15:50 of 2nd period - Snap shot by Tyler Cuma.
15:50 of 2nd period - Deflect By Danny Kristo.
15:50 of 2nd period - Stopped by Barry Brust with a rebound.
15:52 of 2nd period - Snap shot by Tyler Cuma.
15:52 of 2nd period - Shot Misses the Net.
16:20 of 2nd period - Matt Martin is hit by Brian Gionta and loses puck.
17:44 of 2nd period - Robin Leblanc is hit by David Desharnais and loses puck.
18:03 of 2nd period - Mark Fraser is hit by Daultan Leveillé and loses puck.
18:18 of 2nd period - Snap shot by Daultan Leveillé.
18:18 of 2nd period - Deflect By Dany Roussin.
18:18 of 2nd period - Stopped by Tobias Stephan with a rebound.
19:30 of 2nd period - Slapshot by David Fischer.
19:30 of 2nd period - Shot Blocked by Tyler Cuma.
19:36 of 2nd period - Mat Clark is hit by Andrei Loktionov and loses puck.
Goals for this period are 1 for Thunder vs 3 for Staline.
Shots for this period are 12 for Thunder vs 17 for Staline.
3rd period
0:01 of 3rd period - Andrei Loktionov wins face-off versus Alex Killorn in neutral zone.
0:03 of 3rd period - Michael Del Zotto is hit by Keith Yandle and loses puck.
0:36 of 3rd period - Snap shot by Brandon Prust.
0:36 of 3rd period - Shot Misses the Net.
1:06 of 3rd period - Danny Kristo is hit by Alex Killorn and loses puck.
1:13 of 3rd period - Snap shot by Dany Roussin.
1:13 of 3rd period - Shot Misses the Net.
1:15 of 3rd period - Snap shot by Adam Hall.
1:15 of 3rd period - Stopped by Tobias Stephan with a rebound.
1:25 of 3rd period - Slapshot by Andrei Loktionov.
1:25 of 3rd period - Shot Misses the Net.
1:28 of 3rd period - Icing by Casey Pierro-Zabotel.
1:29 of 3rd period - Daultan Leveillé wins face-off versus James Sheppard in Thunder zone.
1:29 of 3rd period - Daultan Leveillé is hit by James Sheppard.
2:05 of 3rd period - Wrist shot by Casey Pierro-Zabotel.
2:05 of 3rd period - Stopped by Tobias Stephan with a rebound.
2:07 of 3rd period - Snap shot by Casey Pierro-Zabotel.
2:07 of 3rd period - Shot Misses the Net.
2:09 of 3rd period - Wrist shot by David Fischer.
2:09 of 3rd period - Shot Misses the Net.
2:11 of 3rd period - Snap shot by Jannik Hansen.
2:11 of 3rd period - Stopped by Tobias Stephan without a rebound.
2:12 of 3rd period - Alex Killorn wins face-off versus Yan Stastny in Staline zone.
2:32 of 3rd period - Minor Penalty to Brandon Prust for Holding.
2:33 of 3rd period - Andrei Loktionov wins face-off versus Alex Killorn in Staline zone.
2:47 of 3rd period - Snap shot by Nick Spaling.
2:47 of 3rd period - Goal by Nick Spaling - Thunder : 3 - Staline : 5.
2:48 of 3rd period - Andrei Loktionov wins face-off versus Alex Killorn in neutral zone.
2:55 of 3rd period - Alex Killorn is hit by Andrei Loktionov and loses puck.
4:32 of 3rd period - Penalty to Brandon Prust is over, Brandon Prust is back on ice.
4:43 of 3rd period - Robin Leblanc is hit by Torey Krug and loses puck.
4:50 of 3rd period - Joey Ryan is hit by Brandon Prust and loses puck.
5:40 of 3rd period - Daultan Leveillé is hit by Andrei Loktionov and loses puck.
5:58 of 3rd period - Icing by Mark Fraser.
5:59 of 3rd period - Cody Eakin wins face-off versus Brandon Mashinter in Staline zone.
6:08 of 3rd period - Snap shot by Yan Stastny.
6:08 of 3rd period - Stopped by Barry Brust without a rebound.
6:09 of 3rd period - Alex Killorn wins face-off versus Yan Stastny in Thunder zone.
6:38 of 3rd period - Keith Yandle is hit by Brian Gionta.
7:18 of 3rd period - Wrist shot by Alex Killorn.
7:18 of 3rd period - Stopped by Tobias Stephan without a rebound.
7:19 of 3rd period - David Desharnais wins face-off versus Alex Killorn in Staline zone.
7:28 of 3rd period - Snap shot by Adam Hall.
7:28 of 3rd period - Stopped by Tobias Stephan without a rebound.
7:29 of 3rd period - Alex Killorn wins face-off versus Andrei Loktionov in Staline zone.
7:36 of 3rd period - Slapshot by Michael Del Zotto.
7:36 of 3rd period - Stopped by Barry Brust with a rebound.
7:38 of 3rd period - Wrist shot by Torey Krug.
7:38 of 3rd period - Shot Misses the Net.
7:43 of 3rd period - Minor Penalty to Mat Clark for Goalie Interference.
7:44 of 3rd period - Adam Hall wins face-off versus Andrei Loktionov in Thunder zone.
7:52 of 3rd period - Backhand shot by Michael Del Zotto.
7:52 of 3rd period - Shot Blocked by Alex Killorn.
7:54 of 3rd period - Snap shot by Michael Del Zotto.
7:54 of 3rd period - Stopped by Barry Brust without a rebound.
7:55 of 3rd period - Adam Hall wins face-off versus Andrei Loktionov in Thunder zone.
8:32 of 3rd period - Snap shot by Tyler Cuma.
8:32 of 3rd period - Deflect By Yan Stastny.
8:32 of 3rd period - Shot Misses the Net.
8:32 of 3rd period - Puck is out of play.
8:33 of 3rd period - Pierre-Alexandre Parenteau wins face-off versus Yan Stastny in Thunder zone.
8:58 of 3rd period - Keith Yandle is hit by Mark Fraser and loses puck.
9:41 of 3rd period - Pierre-Alexandre Parenteau is hit by Yan Stastny and loses puck.
9:43 of 3rd period - Penalty to Mat Clark is over, Mat Clark is back on ice.
9:50 of 3rd period - Minor Penalty to Carl Hagelin for Hooking.
9:51 of 3rd period - Andrei Loktionov wins face-off versus Adam Hall in Thunder zone.
9:52 of 3rd period - Slapshot by Tyler Cuma.
9:52 of 3rd period - Shot Blocked by Matt Generous.
9:54 of 3rd period - Slapshot by Tyler Cuma.
9:54 of 3rd period - Deflect By Andrei Loktionov.
9:54 of 3rd period - Stopped by Barry Brust without a rebound.
9:55 of 3rd period - Adam Hall wins face-off versus Andrei Loktionov in Thunder zone.
10:28 of 3rd period - Snap shot by Pierre-Alexandre Parenteau.
10:28 of 3rd period - Stopped by Tobias Stephan with a rebound.
10:30 of 3rd period - Slapshot by Matt Generous.
10:30 of 3rd period - Deflect By Tyler Cuma.
10:30 of 3rd period - Stopped by Tobias Stephan with a rebound.
10:32 of 3rd period - Slapshot by Matt Generous.
10:32 of 3rd period - Goal by Matt Generous - Thunder : 4 - Staline : 5.
10:33 of 3rd period - Andrei Loktionov wins face-off versus Adam Hall in neutral zone.
10:40 of 3rd period - Wrist shot by Andrei Loktionov.
10:40 of 3rd period - Stopped by Barry Brust with a rebound.
10:42 of 3rd period - Snap shot by Bryan Bickell.
10:42 of 3rd period - Shot Misses the Net.
10:44 of 3rd period - Snap shot by Andrei Loktionov.
10:44 of 3rd period - Shot Misses the Net.
11:04 of 3rd period - Wrist shot by Yan Stastny.
11:04 of 3rd period - Stopped by Barry Brust with a rebound.
11:06 of 3rd period - Slapshot by Torey Krug.
11:06 of 3rd period - Shot Misses the Net.
11:08 of 3rd period - Wrist shot by Brandon Prust.
11:08 of 3rd period - Stopped by Barry Brust with a rebound.
11:50 of 3rd period - Penalty to Carl Hagelin is over, Carl Hagelin is back on ice.
14:35 of 3rd period - Dmitri Orlov is hit by Stu Bickel and loses puck.
15:50 of 3rd period - Wrist shot by Keith Yandle.
15:50 of 3rd period - Shot Blocked by Greg Pateryn.
15:52 of 3rd period - Snap shot by Tom Pyatt.
15:52 of 3rd period - Shot Blocked by Yan Stastny.
16:28 of 3rd period - Wrist shot by Robin Leblanc.
16:28 of 3rd period - Shot Misses the Net.
17:05 of 3rd period - Icing by Adam Hall.
17:06 of 3rd period - Cody Eakin wins face-off versus Alex Killorn in Thunder zone.
17:27 of 3rd period - Yan Stastny is hit by Matt Martin and loses puck.
17:56 of 3rd period - Slapshot by Alex Killorn.
17:56 of 3rd period - Shot Misses the Net.
17:58 of 3rd period - Snap shot by Alex Killorn.
17:58 of 3rd period - Deflect By Michael Del Zotto.
17:58 of 3rd period - Stopped by Tobias Stephan with a rebound.
18:00 of 3rd period - Snap shot by Joey Ryan.
18:00 of 3rd period - Stopped by Tobias Stephan with a rebound.
19:09 of 3rd period - Alex Killorn is hit by Mark Fraser and loses puck.
19:22 of 3rd period - Thunder, Barry Brust is pulled from the net.
Goals for this period are 1 for Thunder vs 1 for Staline.
Shots for this period are 10 for Thunder vs 8 for Staline.
Output by the SimonT Hockey Simulator (STHS) for François Prévost -- Original Page W3C XHTML 1.0 Valid